 Dungeon Crawl Stone Soup version 0.32-a0-960-g3814254bd7 (webtiles) character file.

Game seed: 7252235101491095575

1493 Ajdolov the Thaumaturge (level 8, -12/52 HPs)
             Began as a Mummy Ice Elementalist on Apr 17, 2024.
             Mangled by an ogre
             ... wielding a +0 giant club
              (28 damage)
             ... on level 7 of the Dungeon.
             The game lasted 00:14:10 (7064 turns).

Ajdolov the Thaumaturge (Mummy Ice Elementalist)    Turns: 7064, Time: 00:14:10

Health: -12/52     AC: 11    Str: 11    XL:     8   Next: 51%
Magic:  18/29      EV: 10    Int: 17    God:
Gold:   165        SH:  0    Dex: 12    Spells: 13/23 levels left

rFire   + . .        m - +1 war axe (vamp)
rCold   + . .        (no shield)
rNeg    + + +        y - +1 leather armour {rF+}
rPois   ∞            d - +0 helmet
rElec   .            h - +0 cloak
rCorr   .            (no gloves)
SInv    .            (no boots)
Will    +....        (no amulet)
Stlth   +            i - ring of magical power
HPRegen 0.28/turn    x - ring of protection from fire
MPRegen 0.21/turn

%: faith
@: ice-armoured
A: cold resistance 1, negative energy resistance 3, torment resistance 2, heat
vulnerability 1, in touch with death 1, no potions, faith
a: no special abilities


You were on level 7 of the Dungeon.
You visited 2 branches of the dungeon, and saw 8 of its levels.
You also visited: Sewer.

You collected 344 gold pieces.
You spent 179 gold pieces at shops.

Inventory:

Hand Weapons
 m - a +1 vampiric war axe (weapon)
 p - a +0 spear
Missiles
 o - 8 poisoned darts
 s - a curare-tipped dart
Armour
 a - a +0 robe
 d - a +0 helmet (worn)
 f - an orb of energy
 h - a +0 cloak (worn)
 k - a +0 buckler
 y - a +1 leather armour of fire resistance (worn)
Jewellery
 g - a ring of flight
 i - a ring of magical power (left hand)
 j - a ring of wizardry
 x - a ring of protection from fire (right hand)
Scrolls
 b - a scroll of noise
 c - a scroll of torment {unknown}
 e - 3 scrolls of enchant armour
 l - a scroll of immolation {unknown}
 n - a scroll of revelation
 q - 4 scrolls of teleportation
 r - 2 scrolls of fog
 t - a scroll of enchant weapon
 u - a scroll of acquirement
 v - a scroll of amnesia
 w - a scroll of identify


   Skills:
 - Level 1.5 Dodging
 - Level 1.5 Stealth
 - Level 8.0 Spellcasting
 + Level 8.0 Ice Magic


You had 13 spell levels left.
You knew the following spells:

 Your Spells              Type           Power      Damage    Failure   Level
a - Freeze                Ice            100%       1d10      1%          1
b - Frozen Ramparts       Ice            68%        1d11      1%          3
c - Ozocubu's Armour      Ice            34%        N/A       1%          3
d - Summon Ice Beast      Ice/Summ       20%        N/A       8%          3

Your spell library contained the following spells:

 Spells                   Type           Power      Damage    Failure   Level
 Sting                    Conj/Alch      24%        1d4       14%         1
 Mercury Vapours          Alch/Air       12%        N/A       21%         2
 Mephitic Cloud           Conj/Alch/Air  6%         N/A       38%         3
 Freezing Cloud           Conj/Ice/Air   7%         6-21      77%         5
 Olgreb's Toxic Radiance  Alch           6%         N/A       80%         4


Dungeon Overview and Level Annotations

Branches:
Dungeon (7/15)             Temple (1/1) D:5           Sewer (visited)

Altars:
Ashenzari
Cheibriados
Dithmenos
Fedhas
Gozag
Kikubaaqudgha
Makhleb
Nemelex Xobeh
Okawaru
Qazlal
Ru
Sif Muna
Trog
Uskayaw
Wu Jian
Yredelemnul

Shops:
D:3 *   D:4 *

Annotations:
D:5 exclusion: jelly, Sigmund
D:6 3 runed translucent doors, topfpfpflanze's ghost, weakling FeDe


Innate Abilities, Weirdness & Mutations

You are immune to poison.
Your flesh is cold resistant. (rC+)
You are immune to negative energy. (rN+++)
You are immune to unholy pain and torment.
You are vulnerable to heat. (rF-)
You are in touch with the powers of death.
You do not drink.
You have a special connection with the divine. (Faith)


Message History

The gnoll dies!
The phantom resists.
The wall freezes the phantom.
Your ice beast misses the phantom.
The phantom completely resists.
The wall freezes the phantom but does no damage.
The phantom hits your ice beast but does no damage.
Your ice beast hits the phantom but does no damage.
The wall freezes the ogre.
The phantom resists.
The wall freezes the phantom.
The phantom hits your ice beast.
The phantom blinks!
Your ice beast blinks!
Something hits your ice beast.
Your ice beast blinks!
Your ice beast misses the phantom.
The wall freezes the ogre.
Unknown command.
Casting: Frozen Ramparts (safe; 1% risk of failure)
Confirm with . or Enter, or press ? or * to list all spells.
A film of ice covers your body!
The phantom resists.
The wall freezes the phantom.
The wall freezes the ogre.
The ogre barely misses you.
Unknown command.
You barely miss the ogre.
The ogre is moderately wounded.
The phantom resists.
The wall freezes the phantom.
Your ice beast misses the phantom.
The wall freezes the ogre.
The ogre hits you with a +0 giant club!
Unknown command.
You hit the ogre but do no damage.
The ogre is moderately wounded.
The frozen ramparts melt away.
Your ice beast hits the phantom.
Your ice beast freezes the phantom.
The phantom resists.
The ogre hits you with a +0 giant club!
Your ice beast hits the phantom.
Your ice beast freezes the phantom.
The phantom resists.
You barely miss the ogre.
The ogre is moderately wounded.
Your ice beast hits the phantom.
Your ice beast freezes the phantom.
The phantom resists.
The ogre hits you with a +0 giant club!!
Ouch! That really hurt!
You die...

####.# ##.[...## ######.#
##..# ##.......## ##.###.#
##.>.####.........####...##.##
#.......'.........'...........
##...####.........####...##.##
##..# ##.......## ##.###.#
##.# ##.....## ###...# #.#
##...## #.### #.# ##@## #.#
#.# #O# #.# ... #W# #.# #Y#
#.# ... #.# ... #.# ..... #.#
#.... O..#..


You could see an ogre, a phantom (ally target) and a friendly ice beast
(summoned).

Vanquished Creatures
  Menkaure (D:5)
  An ice beast (D:6)
  A black bear (D:5)
  2 ogres
  A kobold brigand (Sewer)
  2 brain worms (Sewer)
  3 hounds
  A jelly (D:6)
  An orc priest (D:6)
  Jessica (D:2)
  2 sleepcaps
  2 orc wizards (D:6)
  11 adders
  5 gnolls
  5 river rats (Sewer)
  A shadow imp (D:5)
  2 ufetubi (D:5)
  2 dart slugs (D:1)
  16 orcs
  12 ball pythons
  9 bats
  2 endoplasms
  3 giant cockroaches
  5 goblins
  12 hobgoblins
  10 jackals
  2 quokkas
  8 frilled lizards
  14 kobolds
  5 rats
142 creatures vanquished.

Vanquished Creatures (collateral kills)
  An ice beast (D:6)
  An ogre (D:6)
  2 gnolls (D:7)
  A dart slug (D:5)
5 creatures vanquished.

Grand Total: 147 creatures vanquished

Notes
Turn   | Place    | Note
-------+----------+-------------------------------------------
     0 | D:1      | Ajdolov the Mummy Ice Elementalist began the quest for the
                  | Orb.
     0 | D:1      | Reached XP level 1. HP: 13/13 MP: 4/4
   189 | D:1      | Reached XP level 2. HP: 13/19 MP: 1/6
   629 | D:1      | Reached XP level 3. HP: 22/24 MP: 0/8
   633 | D:1      | Learned a level 3 spell: Frozen Ramparts
   637 | D:1      | Learned a level 3 spell: Ozocubu's Armour
  1381 | D:2      | Noticed Jessica
  1386 | D:2      | Killed Jessica
  1387 | D:2      | Reached XP level 4. HP: 27/30 MP: 7/10
  2285 | D:3      | Found Uffijoa's General Store.
  2294 | D:3      | Bought a scroll of revelation for 75 gold pieces
  2346 | D:3      | Reached XP level 5. HP: 34/35 MP: 12/12
  2521 | D:3      | Reached skill level 5 in Spellcasting
  3109 | D:4      | Found a glowing drain.
  3113 | Sewer    | Entered a sewer
  3207 | Sewer    | Reached XP level 6. HP: 29/41 MP: 11/14
  3407 | Sewer    | Reached skill level 5 in Ice Magic
  4226 | D:4      | Found Hiosuedd's General Store.
  4232 | D:4      | Bought a scroll of identify for 22 gold pieces
  4255 | D:4      | Identified a scroll of acquirement
  4398 | D:4      | Reached XP level 7. HP: 39/46 MP: 17/17
  4402 | D:4      | Learned a level 3 spell: Summon Ice Beast
  4517 | D:4      | Bought a scroll of enchant armour for 82 gold pieces
  4519 | D:5      | Entered Level 5 of the Dungeon
  4610 | D:5      | Noticed Menkaure
  4615 | D:5      | Killed Menkaure
  4763 | D:5      | Found a staircase to the Ecumenical Temple.
  4776 | Temple   | Entered the Ecumenical Temple
  5127 | D:5      | Noticed Sigmund
  5873 | D:6      | Reached XP level 8. HP: 52/52 MP: 20/20
  6082 | D:6      | Found a runed translucent gate.
  6084 | D:6      | Found a runed translucent gate.
  6085 | D:6      | Found a runed translucent gate.
  6087 | D:6      | Noticed topfpfpflanze's ghost (weakling FeDe)
  6087 | D:6      | Noticed a spectral unseen horror
  6470 | D:6      | Found an opulent altar of Gozag.
  7064 | D:7      | Mangled by an ogre

Illustrated notes

Levels and vault maps discovered:
D:1:      ldierk_walled_garden_2, layout_rooms
D:2:      layout_basic, uniq_jessica
D:3:      layout_basic, serial_shops, shop, minmay_misc_feat_nine_boxes
D:4:      layout_loops_ring, mainiacjoe_sewer_entry_somewhere_in_here_2,
          serial_shops, shop
D:5:      layout_basic, minmay_temple_entry_grid, uniq_sigmund, uniq_menkaure
D:6:      layout_basic, nicolae_overflow_hidden_temple,
          nicolae_elyvilon_temple_path, gammafunk_ghost_necromancy,
          minmay_misc_feat_square
D:7:      layout_loops_corners, serial_shops, shop, hangedman_decor_points
Temple:   eino_temple_rhombus

Skill      XL: |  1  2  3  4  5  6  7  8 |
---------------+-------------------------+-----
Spellcasting   | 3 4 5 6 8 |  8.0
Ice Magic      | 4 5 6 8 |  8.0
Dodging        | |  1.5
Stealth        | |  1.5

Action                     |  1- 3 |  4- 6 |  7- 9 || total
---------------------------+-------+-------+-------++-------
  Melee: Short sword       |    35 |     9 |       ||    44
         Unarmed           |     3 |       |       ||     3
         War axe           |       |    49 |    36 ||    85
   Cast: Freeze            |    71 |    55 |    16 ||   142
         Frozen Ramparts   |       |    17 |    17 ||    34
         Ozocubu's Armour  |       |     2 |    14 ||    16
         Summon Ice Beast  |       |       |     9 ||     9
    Use: Scroll            |       |     5 |     2 ||     7
   Stab: Sleeping          |     1 |     2 |       ||     3
         Distracted        |       |     1 |       ||     1
 Armour: Robe              |    60 |    63 |    42 ||   165
         Leather armour    |       |       |     7 ||     7
  Dodge: Dodged            |    74 |    53 |    56 ||   183

Table legend: (Time is in decaauts)
 A = Elapsed time spent in this place.
 B = Non-inter-level travel time spent in this place.
 C = Inter-level travel time spent in this place.
 D = Time resting spent in this place.
 E = Time spent auto-exploring this place.
 F = Levels seen in this place.
 G = Mean time per level.
                   A        B        C        D        E       F      G
               +--------+--------+--------+--------+--------+-----+--------+
         Total |   7101 |   6900 |    201 |    189 |   5338 |   9 |  789.0 |
       Dungeon |   6255 |   6054 |    201 |    150 |   4780 |   7 |  893.6 |
        Temple |      1 |      1 |      0 |      0 |      0 |   1 |    1.0 |
         Sewer |    844 |    844 |      0 |     39 |    558 |   1 |  844.0 |
               +--------+--------+--------+--------+--------+-----+--------+

Top non-repeatable levels by time:
     D:5: 1250 daAuts
     D:6: 1169 daAuts
     D:3: 1056 daAuts
     D:1: 1018 daAuts
   Sewer: 844 daAuts
     D:2: 825 daAuts
     D:4: 796 daAuts
     D:7: 138 daAuts
  Temple: 1 daAuts
